 Dungeon Crawl Stone Soup version 0.25-a0-479-g8579842fd4 (webtiles) character file.

Game seed: 2158728829100821036, levelgen mode: deterministic

6190 Eurus the Thaumaturge (level 10, -18/79 HPs)
             Began as a Mummy Conjurer on Feb 9, 2020.
             Was a Follower of Ashenzari.
             Demolished by a death yak (20 damage)
             ... on level 9 of the Dungeon.
             The game lasted 00:31:05 (13475 turns).

Eurus the Thaumaturge (Mummy Conjurer)             Turns: 13475, Time: 00:31:06

Health: -18/79     AC:  8    Str: 11    XL:     10   Next: 60%
Magic:  32/32      EV: 12    Int: 18    God:    Ashenzari [*.....]
Gold:   475        SH:  0    Dex: 17    Spells: 20/27 levels left

rFire    x . .     SeeInvis .   o - +5 hand axe
rCold    + + .     Gourm    .   (no shield)
rNeg     + + +     Faith    .   t - +2 leather armour of Grace {Dex+4}
rPois    ∞         Spirit   .   m - +0 helmet
rElec    .         Reflect  .   e - scarf {repulsion} (curse)
rCorr    .         Harm     .   a - +0 pair of gloves
MR       +....                  (no boots)
Stlth    ++........             (no amulet)
HPRegen  0.23/turn              s - ring of magical power (curse)
MPRegen  0.23/turn              f - ring of protection from cold

@: about to teleport, repel missiles
A: no food or potions, fire vulnerability, cold resistance 1, negative energy
resistance 3, torment resistance, unbreathing
a: Curse Item, Scrying, Renounce Religion


You were on level 9 of the Dungeon.
You worshipped Ashenzari.
Ashenzari was aware of your devotion.
You were not hungry.

You visited 2 branches of the dungeon, and saw 11 of its levels.

You collected 475 gold pieces.

Inventory:

Hand Weapons
 o - a +5 hand axe (weapon)
Armour
 a - a +0 pair of gloves (worn)
 e - a cursed scarf of repulsion (worn)
 g - a +2 robe of cold resistance
 m - a +0 helmet (worn)
 t - the +2 leather armour of Grace (worn) {Dex+4}
   (You found it on level 7 of the Dungeon)

   It affects your dexterity (+4).
   If you remove this armour, your AC will fall 6 points (8 -> 2)
Jewellery
 f - a ring of protection from cold (right hand)
 s - a cursed ring of magical power (left hand)
Wands
 c - a wand of disintegration (26)
 h - a wand of polymorph (5)
 k - a wand of random effects (13)
 l - a wand of enslavement (5)
Scrolls
 b - 2 scrolls of identify
 d - 2 scrolls of remove curse
 i - a scroll of fear {unknown}
 j - 2 scrolls of amnesia
 n - a scroll of teleportation
 q - a scroll of fog
 r - 2 scrolls of magic mapping


   Skills:
 + Level 7.4 Fighting
 + Level 4.7 Armour
 - Level 1.5 Dodging
 - Level 1.5 Stealth
 + Level 9.4 Spellcasting
 + Level 7.8 Conjurations
 + Level 5.2 Translocations


You had 20 spell levels left.
You knew the following spells:

 Your Spells              Type           Power        Failure   Level  Hunger
a - Magic Dart            Conj           ####         1%          1    N/A
b - Searing Ray           Conj           #####.       1%          2    N/A
c - Iskenderun's Mystic   Conj/Tloc      ####....     7%          4    N/A

Your spell library contained the following spells:

 Spells                   Type           Power        Failure   Level  Hunger
 Dazzling Flash           Conj/Hex       ###...       6%          3    N/A
 Fulminant Prism          Conj/Hex       ###.......   22%         4    N/A

Dungeon Overview and Level Annotations

Branches:
Dungeon (10/15)            Temple (1/1) D:4            Lair (0/6) D:10
    Orc: D:9-12

Altars:
Ashenzari
Cheibriados
Dithmenos
Elyvilon
Fedhas
Gozag
Hepliaklqana
Kikubaaqudgha
Makhleb
Nemelex Xobeh
Okawaru
Qazlal
Ru
Sif Muna
Trog
Uskayaw
Vehumet
Wu Jian
Xom
Yredelemnul
Zin
The Shining One

Shops:
D:7 !

Annotations:
D:9 Maggie


Innate Abilities, Weirdness & Mutations

You do not eat or drink.
Your flesh is vulnerable to fire.
You are immune to poison.
Your flesh is cold resistant. (rC+)
You are immune to negative energy. (rN+++)
You are immune to unholy pain and torment.
You can survive without breathing.


Message History

You are struck by the porcupine's spines.
You hit the porcupine.
The porcupine is almost dead.
You barely miss the bullfrog. You barely miss the death yak.
The bullfrog closely misses you. The death yak gores you!
The bullfrog hits you.
* * * LOW HITPOINT WARNING * * *
The porcupine closely misses you. The death yak barely misses you.
As you read the scroll of teleportation, it crumbles to dust.
You feel strangely unstable. The bullfrog closely misses you.
The porcupine misses you. The bullfrog misses you. The death yak gores you!!
* * * LOW HITPOINT WARNING * * *
The porcupine misses you.
You hit the porcupine.
The porcupine is almost dead.
You hit the death yak but do no damage. You barely miss the bullfrog.
The bullfrog closely misses you.
The porcupine bites you but does no damage.
The death yak gores you!!
You die...

############## ##########
#......!.....# ###........#
#............# .##........#
#............# ..'........#
#............#
###........#####............#
#........'...'............#
#........#####YF..........#
#........# #@r..........#
###..##### ####'#########
######..##### #...##
#...........# ###..# ###
#...........# #####.### #..
#...........######.......######..
#..)........##................#..
#...........#..###.......####....
#)(.........'.## #.......# ###..


You could see a death yak, a bullfrog and a porcupine.

Vanquished Creatures
  A komodo dragon (D:10)
  Grinder (D:5)
  A hippogriff (D:9)
  Sigmund (D:4)
  A spriggan (D:9)
  9 yaks
  A hungry ghost (D:9)
  2 water moccasins (D:9)
  An orc warrior (D:8)
  2 sky beasts
  3 ice beasts
  4 phantoms
  2 ogres
  A necrophage (D:9)
  7 centaurs
  3 bullfrogs
  A big kobold (D:9)
  A wyvern zombie (D:8)
  2 howler monkeys (D:7)
  4 crimson imps
  6 hounds
  5 orc priests
  2 bullfrog skeletons
  2 jellies (D:9)
  A centaur skeleton (D:4)
  2 iguanas (D:8)
  11 orc wizards
  8 worker ants
  A killer bee zombie (D:7)
  A hound skeleton (D:4)
  2 worker ant zombies
  3 gnolls (D:6)
  10 adders
  A howler monkey skeleton (D:7)
  A shadow imp (D:5)
  2 oozes
  An adder skeleton (D:4)
  4 worms
  3 dart slugs
  8 leopard geckos
  33 orcs
  8 giant cockroaches
  7 goblins
  8 hobgoblins
  3 jackals (D:1)
  6 quokkas
  2 ball pythons
  6 bats (D:2)
  2 frilled lizards
  16 kobolds
  A quokka zombie (D:8)
  7 rats
221 creatures vanquished.

Notes
Turn   | Place    | Note
-------+----------+-------------------------------------------
     0 | D:1      | Eurus the Mummy Conjurer began the quest for the Orb.
     0 | D:1      | Reached XP level 1. HP: 13/13 MP: 4/4
   433 | D:1      | Reached XP level 2. HP: 20/20 MP: 3/5
   439 | D:1      | Learned a level 2 spell: Searing Ray
   506 | D:1      | Reached skill level 3 in Spellcasting
   858 | D:1      | Reached skill level 1 in Fighting
  1669 | D:2      | Reached XP level 3. HP: 13/26 MP: 1/7
  3302 | D:3      | Reached XP level 4. HP: 32/32 MP: 1/9
  3532 | D:3      | Found an iron altar of Okawaru.
  3533 | D:3      | Found an ornate altar of the Wu Jian Council.
  3582 | D:3      | Found a blossoming altar of Fedhas.
  3628 | D:3      | Reached XP level 5. HP: 35/38 MP: 1/10
  3654 | D:3      | Reached skill level 4 in Spellcasting
  3734 | D:3      | Found a sparkling altar of Nemelex Xobeh.
  3736 | D:3      | Found a radiant altar of Vehumet.
  4378 | D:4      | Found a shimmering altar of Xom.
  4378 | D:4      | Found a burning altar of Makhleb.
  4423 | D:4      | Found an opulent altar of Gozag.
  4530 | D:4      | Noticed Sigmund
  4820 | D:4      | Found a staircase to the Ecumenical Temple.
  4820 | D:4      | Noticed an ice beast
  4828 | D:4      | Killed an ice beast
  4828 | D:4      | Reached skill level 5 in Conjurations
  4828 | D:4      | Reached XP level 6. HP: 37/46 MP: 3/12
  4847 | Temple   | Entered the Ecumenical Temple
  5322 | Temple   | Became a worshipper of Ashenzari the Shackled
  5705 | D:4      | Reached skill level 5 in Spellcasting
  5885 | D:4      | Reached XP level 7. HP: 34/52 MP: 2/14
  5980 | D:4      | Learned a level 4 spell: Iskenderun's Mystic Blast
  6043 | D:4      | Killed Sigmund
  6218 | D:4      | Reached skill level 1 in Translocations
  6416 | D:5      | Entered Level 5 of the Dungeon
  6740 | D:5      | Noticed Grinder
  6765 | D:5      | Killed Grinder
  6765 | D:5      | Reached skill level 6 in Spellcasting
  6765 | D:5      | Reached XP level 8. HP: 61/61 MP: 8/17
  7085 | D:5      | Found a white marble altar of Elyvilon.
  7110 | D:5      | Reached skill level 1 in Armour
  7646 | D:5      | Found a sacrificial altar of Ru.
  7855 | D:6      | Reached skill level 5 in Fighting
  8191 | D:6      | Reached skill level 7 in Spellcasting
  8599 | D:6      | Reached XP level 9. HP: 68/68 MP: 10/19
  8651 | D:6      | Identified the cursed +2 war axe of Lyxulame {distort,
                  | +Rage Str+2}
  8740 | D:6      | Found a bloodstained altar of Trog.
  9043 | D:7      | Found a bloodstained altar of Trog.
  9229 | D:7      | Found Tizemeum's Distillery.
  9325 | D:7      | Got the uncursed leather armour of Grace {Dex+4}
  9337 | D:7      | Identified the +2 leather armour of Grace {Dex+4} (You
                  | found it on level 7 of the Dungeon)
 10812 | D:8      | Reached * piety under Ashenzari
 10877 | D:8      | Noticed a +0 hand axe
 10886 | D:8      | Noticed a +0 dagger
 10889 | D:8      | Found a hide-covered altar of Uskayaw.
 11061 | D:8      | Reached skill level 8 in Spellcasting
 11692 | D:9      | Reached XP level 10. HP: 76/77 MP: 22/22
 12106 | D:9      | Found an ancient bone altar of Kikubaaqudgha.
 12129 | D:9      | Noticed Maggie
 12442 | D:9      | Found a stormy altar of Qazlal.
 12473 | D:9      | Reached skill level 9 in Spellcasting
 12877 | D:10     | Entered Level 10 of the Dungeon
 12952 | D:10     | Reached skill level 5 in Translocations
 13284 | D:10     | Noticed a death yak
 13334 | D:10     | Found a staircase to the Lair.
 13334 | D:10     | Noticed a death yak
 13335 | D:10     | Noticed a death yak
 13474 | D:9      | HP: 2/79 [death yak (19)]
 13475 | D:9      | Demolished by a death yak

Levels and vault maps discovered:
D:1:      dpeg_arrival_circle_labyrinth_c, layout_basic
D:2:      layout_basic, first_ration, serial_rivers,
          chequers_serial_rivers_room_a, chequers_serial_rivers_micro_a,
          chequers_serial_rivers_micro_c, chequers_serial_rivers_micro_d,
          chequers_serial_rivers_micro_b, chequers_serial_rivers_micro_b
D:3:      layout_loops_ring, fedhas_altar_4, nicolae_overflow_hidden_temple,
          hangedman_decor_clover_reticule
D:4:      layout_loops_ring, grunt_temple_overflow_champion_of_chaos,
          old_standard_altar, minmay_temple_entry_tees, uniq_sigmund
D:5:      layout_loops_ring, elyvilon_altar_5, nicolae_ru_the_path_less_chosen,
          minmay_misc_feat_nine_boxes, uniq_grinder
D:6:      layout_cave_pools, trog_three_pillars_becter
D:7:      layout_layer_cave, serial_shops, shop, basic_altar
D:8:      layout_loops_ring, dancing_weapons_uskayaw
D:9:      layout_roguey, overflow_temple_1_default,
          nicolae_qazlal_general_emergency, the_bakery, uniq_maggie
D:10:     cheibrodos_two_vegetables, layout_rooms, dpeg_lair_monsters,
          lightli_wizard_tower, uniq_snorg, uniq_psyche
Temple:   compressed_dpeg_triangle_lava_temple

Skill      XL: |  1  2  3  4  5  6  7  8  9 10 |
---------------+-------------------------------+-----
Spellcasting   | 3 4 5 6 7 8 9 |  9.4
Fighting       | 1 2 3 4 5 6 7 |  7.4
Conjurations   | 4 5 6 7 |  7.8
Translocations | 1 3 4 5 |  5.2
Armour         | 2 3 4 |  4.7
Dodging        | |  1.5
Stealth        | |  1.5

Action                   |  1- 3 |  4- 6 |  7- 9 | 10-12 || total
-------------------------+-------+-------+-------+-------++-------
Melee: Unarmed           |     7 |       |       |       ||     7
       Dagger            |    67 |    42 |    14 |       ||   123
       Hand axe          |       |       |    98 |    24 ||   122
 Cast: Magic Dart        |    64 |    25 |    94 |     6 ||   189
       Searing Ray       |     2 |    21 |    67 |    27 ||   117
Invok: Curse Item        |       |       |     2 |       ||     2
  Use: Scroll            |       |     2 |     9 |     1 ||    12
 Stab: Sleeping          |     2 |       |     2 |       ||     4
Armor: Robe              |    14 |     7 |    11 |       ||    32
       Leather armour    |       |       |    30 |    36 ||    66
Dodge: Dodged            |    56 |    41 |   129 |    64 ||   290
       Deflected         |     1 |     3 |     8 |     4 ||    16

Table legend:
 A = Non-vault XP
 B = Vault XP
 C = Vault XP percentage of total XP
 D = Non-vault monster count
 E = Vault monster count
 F = Vault count percentage of total count
                 A         B        C        D         E       F
            +---------+---------+-------+---------+---------+-------
      Total |    8076 |     768 |   8.7 |     216 |       5 |   2.3
            +---------+---------+-------+---------+---------+-------
        D:1 |      42 |       0 |   0.0 |      20 |       0 |   0.0
        D:2 |      52 |       0 |   0.0 |      21 |       0 |   0.0
        D:3 |     149 |       0 |   0.0 |      25 |       0 |   0.0
        D:4 |     615 |     270 |  30.5 |      13 |       2 |  13.3
        D:5 |     821 |     281 |  25.5 |      20 |       1 |   4.8
        D:6 |     621 |       0 |   0.0 |      30 |       0 |   0.0
        D:7 |     712 |       0 |   0.0 |      19 |       0 |   0.0
        D:8 |    1200 |       0 |   0.0 |      26 |       0 |   0.0
        D:9 |    2463 |     217 |   8.1 |      34 |       2 |   5.6
       D:10 |    1401 |       0 |   0.0 |       8 |       0 |   0.0
            +---------+---------+-------+---------+---------+-------
